 Dungeon Crawl Stone Soup version 0.22.1-1-ga44c0e56f4 (webtiles) character file.

5918 Naru the Cleaver (level 10, -10/91 HPs)
             Began as a Minotaur Fighter on Nov 12, 2018.
             Was an Elder of Makhleb.
             Mangled by a yak (12 damage)
             ... on level 9 of the Dungeon.
             The game lasted 00:21:11 (9151 turns).

Naru the Cleaver (Minotaur Fighter)                 Turns: 9151, Time: 00:21:11

Health: -10/91     AC:  2    Str: 21    XL:     10   Next: 53%
Magic:  9/9        EV:  5    Int: 10    God:    Makhleb [****..]
Gold:   411        SH: 11    Dex: 13    Spells: 9/9 levels left

rFire    . . .     SeeInvis .   a - +1 war axe
rCold    . . .     Gourm    .   c - +0 shield
rNeg     . . .     Faith    .   t - +0 plate armour
rPois    .         Spirit   .   (helmet restricted)
rElec    .         Reflect  .   (no cloak)
rCorr    .         Harm     .   y - +0 pair of gloves
MR       .....                  (no boots)
Stlth    ..........             (no amulet)
HPRegen  0.25/turn              J - +5 ring of intelligence
MPRegen  0.11/turn              (no ring)

@: corroded
A: retaliatory headbutt, horns 2
a: Minor Destruction, Lesser Servant of Makhleb, Major Destruction, Renounce
Religion


You were on level 9 of the Dungeon.
You worshipped Makhleb.
Makhleb was greatly pleased with you.
You were not hungry.

You visited 1 branch of the dungeon, and saw 9 of its levels.
You also visited: Sewer.

You collected 411 gold pieces.

Inventory:

Hand Weapons
 a - a +1 war axe (weapon)
 b - a +0 hunting sling
Missiles
 g - 2 steel tomahawks (quivered)
 n - 306 stones
 q - 117 sling bullets
 v - 2 throwing nets
 w - 76 bolts
 x - 8 exploding tomahawks
 B - 6 tomahawks
Armour
 c - a +0 shield (worn)
 t - a +0 plate armour (worn)
 y - a +0 pair of gloves (worn)
 K - a +0 shield
Jewellery
 J - a +5 ring of intelligence (left hand)
Wands
 D - a wand of flame (43)
 G - a wand of enslavement (9)
 H - a wand of disintegration (10)
Scrolls
 d - a scroll of amnesia
 e - a scroll of immolation
 z - a scroll of remove curse
 E - 2 scrolls of teleportation
 I - a scroll of enchant weapon
Potions
 h - a potion of degeneration
 i - 3 potions of haste
 k - a potion of resistance
 l - 3 potions of curing
 m - 2 potions of brilliance
 o - 2 potions of agility
 s - a potion of invisibility
 u - 2 potions of ambrosia
 A - 3 potions of flight
 C - a potion of magic
 F - 2 potions of cancellation
 L - a potion of mutation
Miscellaneous
 r - a phial of floods
Comestibles
 f - 14 rations
 j - a chunk of flesh


   Skills:
 * Level 9.3 Fighting
 * Level 13.7 Axes
 + Level 7.5 Armour
 + Level 7.8 Shields
 + Level 0.1 Evocations


You had 9 spell levels left.
You didn't know any spells.
Your spell library was empty.

Dungeon Overview and Level Annotations

Branches:
Dungeon (9/15)             Temple (0/1) D:4
   Lair: D:8-11         Orc: D:9-12

Altars:
Ashenzari
Cheibriados
Makhleb
Qazlal
Trog
Vehumet
Xom

Shops:
D:4 (

Annotations:
D:3 3 runed doors, Skippwaahh's ghost, amateur MfGl


Innate Abilities, Weirdness & Mutations

You reflexively headbutt those who attack you in melee.
You have a pair of horns on your head.


Message History

* * * LOW HITPOINT WARNING * * *
You block the yak's attack. The yak gores you!
* * * LOW HITPOINT WARNING * * *
The jelly hits you but does no damage. You block the yak's attack.
You feel much better. You block the jelly's attack. The yak gores you!
You block the yak's attack.
You slash the jelly!
You kill the jelly!
Makhleb accepts your kill.
You feel better.
You hit the yak but do no damage. You hit the yak. The yak gores you!
You closely miss the yak. You hit the yak but do no damage. The yak gores you!
* * * LOW HITPOINT WARNING * * *
You closely miss the yak.
The yak is heavily wounded.
You hit the yak but do no damage. You hit the yak.
The yak completely misses you. The yak gores you!
* * * LOW HITPOINT WARNING * * *
The yak gores you!
You die...

+.........
#.........
##....###
#....#
#....#
#....#
#....#
#.YY.+
#.@Y.#
######


You could see 3 yaks.

Vanquished Creatures
  A two-headed ogre (D:8)
  A troll (D:9)
  Prince Ribbit (D:8)
  A hippogriff (D:8)
  Sigmund (D:2)
  A yak (D:9)
  Grum (D:8)
  Edmund (D:4)
  5 orc warriors
  Purgy (Sewer)
  3 sky beasts
  An ice beast (D:8)
  3 necrophages
  A phantom (D:6)
  2 wolves (D:8)
  An ogre (D:5)
  Blork the orc (D:5)
  A gnoll sergeant (D:8)
  3 bullfrogs
  2 scorpions
  5 killer bees (D:7)
  4 wights (D:9)
  3 jellies
  5 howler monkeys
  2 crimson imps
  A centaur zombie (D:8)
  2 bullfrog zombies
  6 hounds
  2 bullfrog skeletons
  2 centaur skeletons
  A gnoll shaman (D:3)
  5 orc priests
  8 orc wizards
  Ijyb (D:5)
  3 iguanas
  8 worker ants
  2 hound skeletons
  10 adders
  12 gnolls
  2 river rats (D:5)
  A shadow imp (D:8)
  2 oozes
  An adder skeleton (D:8)
  5 worms
  2 dart slugs (D:3)
  6 leopard geckos
  34 orcs
  2 ball pythons (D:1)
  5 bats
  8 giant cockroaches
  9 goblins
  5 hobgoblins
  15 jackals
  13 kobolds
  3 quokkas
  6 frilled lizards
  5 rats
238 creatures vanquished.

Notes
Turn   | Place    | Note
-------+----------+-------------------------------------------
     0 | D:1      | Naru the Minotaur Fighter began the quest for the Orb.
     0 | D:1      | Reached XP level 1. HP: 19/19 MP: 0/0
   146 | D:1      | Reached XP level 2. HP: 26/27 MP: 1/1
   538 | D:1      | Reached skill level 3 in Axes
   836 | D:1      | You fall through a shaft!
   877 | D:2      | Noticed Sigmund
   886 | D:2      | Killed Sigmund
   886 | D:2      | Reached skill level 5 in Fighting
   886 | D:2      | Reached skill level 4 in Axes
   886 | D:2      | Reached XP level 3. HP: 18/36 MP: 2/2
   886 | D:2      | Reached XP level 4. HP: 21/42 MP: 3/3
   886 | D:2      | Reached XP level 5. HP: 25/48 MP: 4/4
  1038 | D:2      | Found a radiant altar of Vehumet.
  1375 | D:2      | Found a bloodstained altar of Trog.
  1691 | D:3      | Found a snail-covered altar of Cheibriados.
  1795 | D:3      | Found a stormy altar of Qazlal.
  1827 | D:3      | Found a burning altar of Makhleb.
  1866 | D:3      | Became a worshipper of Makhleb the Destroyer
  1909 | D:3      | Reached skill level 5 in Axes
  2039 | D:3      | Found a runed gate.
  2039 | D:3      | Found a runed gate.
  2041 | D:3      | Found a runed gate.
  2047 | D:3      | Noticed Skippwaahh's ghost (amateur MfGl)
  2688 | D:3      | Found a shattered altar of Ashenzari.
  2800 | D:4      | Reached XP level 6. HP: 50/56 MP: 5/5
  3242 | D:4      | Reached * piety under Makhleb
  3286 | D:4      | Noticed Edmund
  3299 | D:4      | Killed Edmund
  3299 | D:4      | Reached skill level 6 in Axes
  3393 | D:4      | Reached XP level 7. HP: 62/62 MP: 6/6
  3424 | D:4      | Reached skill level 5 in Shields
  3464 | D:4      | Found a staircase to the Ecumenical Temple.
  3572 | D:4      | Found Sucoimao's Weapon Shoppe.
  4065 | D:5      | Entered Level 5 of the Dungeon
  4065 | D:5      | Noticed Prince Ribbit
  4065 | D:5      | Noticed Blork the orc
  4085 | D:4      | Reached skill level 7 in Axes
  4244 | D:5      | Reached skill level 5 in Armour
  4296 | D:5      | Found a glowing drain.
  4321 | Sewer    | Entered a sewer
  4330 | Sewer    | Noticed Purgy
  4342 | Sewer    | Killed Purgy
  4402 | Sewer    | Reached ** piety under Makhleb
  4655 | D:5      | Killed Blork the orc
  4655 | D:5      | Reached skill level 8 in Axes
  4828 | D:5      | Reached XP level 8. HP: 64/71 MP: 7/7
  5074 | D:5      | Noticed Ijyb
  5086 | D:5      | Killed Ijyb
  5376 | D:6      | Reached skill level 9 in Axes
  6226 | D:7      | Reached skill level 10 in Axes
  6315 | D:7      | Reached *** piety under Makhleb
  6378 | D:7      | Reached XP level 9. HP: 79/79 MP: 8/8
  6856 | D:7      | Reached skill level 11 in Axes
  7272 | D:8      | Killed Prince Ribbit
  7293 | D:8      | Reached skill level 12 in Axes
  7606 | D:8      | Found a radiant altar of Vehumet.
  8084 | D:8      | Reached **** piety under Makhleb
  8107 | D:8      | Noticed Grum
  8111 | D:8      | Reached XP level 10. HP: 90/90 MP: 9/9
  8131 | D:8      | Killed Grum
  8356 | D:8      | Noticed a two-headed ogre
  8361 | D:8      | Killed a two-headed ogre
  8361 | D:8      | Reached skill level 13 in Axes
  8816 | D:8      | Found a shimmering altar of Xom.
  8816 | D:8      | Found a bloodstained altar of Trog.
  9151 | D:9      | HP: 2/91 [yak (14)]
  9151 | D:9      | Mangled by a yak

Skill      XL: |  1  2  3  4  5  6  7  8  9 10 |
---------------+-------------------------------+-----
Fighting       | 5 6 7 8 9 |  9.3
Axes           | 4 5 6 8 10 12 13 | 13.7
Armour         | 4 5 7 |  7.5
Shields        | 4 5 6 7 |  7.8
Evocations     | |  0.1

Action                   |  1- 3 |  4- 6 |  7- 9 | 10-12 || total
-------------------------+-------+-------+-------+-------++-------
Melee: War axe           |    54 |   146 |   478 |   106 ||   784
       Headbutt          |     4 |    16 |    92 |    29 ||   141
Throw: Tomahawk          |       |       |     1 |       ||     1
Evoke: Wand              |       |       |       |     3 ||     3
  Use: Potion            |     1 |     3 |     1 |     1 ||     6
       Scroll            |       |       |    11 |     8 ||    19
 Stab: Distracted        |       |       |     1 |       ||     1
  Eat: Chunk             |       |     5 |    12 |     4 ||    21
       Ration            |       |     1 |     1 |       ||     2
Armor: Scale mail        |     9 |       |       |       ||     9
       Chain mail        |    17 |    41 |       |       ||    58
       Plate armour      |       |    78 |   244 |    48 ||   370
Dodge: Dodged            |    13 |    34 |    62 |    18 ||   127
Block: Shield            |    20 |   103 |   238 |    50 ||   411
